 Dungeon Crawl Stone Soup version 0.31-a0-237-g2d982f9f85 (webtiles) character file.

Game seed: 3061686201268096948

74 qw the Shooter (level 4, -2/26 HPs)
             Began as a Gargoyle Hexslinger on July 11, 2023.
             Slain by Terence
             ... wielding a +1 flail of protection
              (8 damage)
             ... on level 3 of the Dungeon.
             The game lasted 00:00:41 (1829 turns).

qw the Shooter (Gargoyle Hexslinger)                Turns: 1829, Time: 00:00:41

Health: -2/26      AC:  7    Str: 11    XL:     4   Next: 28%
Magic:  5/5        EV: 11    Int: 14    God:
Gold:   144        SH:  0    Dex: 14    Spells: 4/5 levels left

rFire   . . .        Y - +1 sling
rCold   + . .        (no shield)
rNeg    + . .        f - +0 leather armour
rPois   inf          (no helmet)
rElec   +            (no cloak)
rCorr   .            (no gloves)
SInv    .            k - +0 pair of boots
Will    .....        (no amulet)
Stlth   +            e - ring of protection from cold
HPRegen 0.24/turn    (no ring)
MPRegen 0.09/turn

%: no passive effects
@: no status effects
A: sickness immunity, AC +3, negative energy resistance 1, electricity
resistance, torment resistance 1, petrification resistance
a: no special abilities


You were on level 3 of the Dungeon.
You visited 1 branch of the dungeon, and saw 3 of its levels.

You collected 144 gold pieces.


Innate Abilities, Weirdness & Mutations

You are immune to sickness and miasma.
Your stone body is resilient. (AC +3)
You are immune to poison.
You resist negative energy. (rN+)
You are resistant to electric shocks. (rElec)
You are resistant to unholy torment.
You are immune to petrification.


   Skills:
 - Level 2.0 Fighting
 + Level 4.1 Ranged Weapons
 - Level 1.5 Dodging
 - Level 1.0 Spellcasting
 - Level 2.6 Hexes


You had 4 spell levels left.
You knew the following spells:

 Your Spells              Type           Power      Damage    Failure   Level
a - Slow                  Hex            32%        N/A       12%         1

Your spell library contained the following spells:

 Spells                   Type           Power      Damage    Failure   Level
 Inner Flame              Hex/Fire       4%         N/A       52%         3
 Portal Projectile        Hex/Tloc       8%         N/A       52%         3
 Cause Fear               Hex            4%         N/A       75%         4

Inventory:

Hand Weapons
 Y - a +1 sling (weapon)
Armour
 f - a +0 leather armour (worn)
 k - a +0 pair of boots (worn)
Jewellery
 e - a ring of protection from cold (left hand)
 g - a ring of ice
Scrolls
 b - a scroll of amnesia {unknown}
Potions
 a - a potion of resistance {unknown}
 c - a potion of haste {unknown}
 d - a potion of degeneration {unknown}
 h - 3 potions of attraction {unknown}
 i - 3 potions of curing
 j - a potion of cancellation {unknown}

Dungeon Overview and Level Annotations

Branches:
Dungeon (3/15)

Altars:
Okawaru

Annotations:
D:3 Terence


Message History

You shoot a sling bullet.
The sling bullet closely misses the quokka.
The quokka closely misses you.
You shoot a sling bullet. The sling bullet hits the quokka.
You kill the quokka!
Found a scale mail.
Enter note:
h - 2 inky potions
Enter note:
h - 3 inky potions (gained 1) Terence the Incautious comes into view.
He is wielding a +1 flail of protection and carrying a wand of digging (6).
Terence shouts!
Enter note: You shoot a sling bullet.
The sling bullet closely misses Terence.
Terence zaps a wand.
Some rock shatters into small pieces.
You shoot a sling bullet. The sling bullet barely misses Terence.
You shoot a sling bullet.
The sling bullet closely misses Terence.
Terence hits you but does no damage.
You shoot a sling bullet. The sling bullet hits Terence.
Terence is lightly wounded.
Terence hits you with a +1 flail of protection.
You shoot a sling bullet.
The sling bullet hits Terence but does no damage.
Terence is lightly wounded.
Terence hits you with a +1 flail of protection.
Terence hits you with a +1 flail of protection!
You shoot a sling bullet. The sling bullet barely misses Terence.
Terence misses you.
You shoot a sling bullet.
The sling bullet hits Terence but does no damage.
Terence is lightly wounded.
Terence closely misses you.
You shoot a sling bullet. The sling bullet hits Terence.
Terence is moderately wounded.
Terence barely misses you.
You shoot a sling bullet. The sling bullet barely misses Terence.
Terence hits you with a +1 flail of protection! x2
You die...

#............####.#
#...# #######......#
#.# ###.#
.....#.###.# #.####
......#........##
#....#
.....#..##......#
####.# ..###
#.####..#.########..
#
#..###..#........##.
##..#...########....
##@@.#..# #####
#...##.###
#....#<..#
#.##.###.# #.# .# .#
..# . . .## # ## .


You could see Terence.

Vanquished Creatures
  2 adders
  A worm (D:2)
  3 dart slugs
  4 endoplasms
  3 giant cockroaches
  2 goblins (D:1)
  4 hobgoblins
  9 jackals
  2 quokkas
  2 ball pythons (D:1)
  A bat (D:1)
  A frilled lizard (D:2)
  6 kobolds
  3 rats
43 creatures vanquished.

Notes
Turn   | Place    | Note
-------+----------+-------------------------------------------
     0 | D:1      | qw the Gargoyle Hexslinger began the quest for the Orb.
     0 | D:1      | Reached XP level 1. HP: 12/12 MP: 2/2
     0 | D:1      | 0 ||| qw: Version: 0.3-a-52-g30416fa
     0 | D:1      | 0 ||| qw: Game counter: 5504
     0 | D:1      | 0 ||| qw: Melee chars always use a shield: true
     0 | D:1      | 0 ||| qw: God list: Okawaru
     0 | D:1      | 0 ||| qw: Allow faded altars: false
     0 | D:1      | 0 ||| qw: Do Orc after clearing Dungeon:15 true
     0 | D:1      | 0 ||| qw: Do second Lair branch before Depths: true
     0 | D:1      | 0 ||| qw: Lair rune preference: random
     0 | D:1      | 0 ||| qw: Goals: Normal
     0 | D:1      | 0 ||| PLANNING D:1-11
   173 | D:1      | Reached XP level 2. HP: 15/16 MP: 3/3
   348 | D:1      | Reached skill level 3 in Ranged Weapons
   674 | D:1      | Reached XP level 3. HP: 21/21 MP: 4/4
   957 | D:1      | 957 ||| UPGRADING to +0 leather armour.
   967 | D:1      | 967 ||| DROPPING +0 robe.
   968 | D:1      | 968 ||| UPGRADING to +0 pair of boots.
   973 | D:1      | 973 ||| DROPPING ring of wizardry.
   974 | D:1      | 974 ||| READING scroll labelled BOEPHAURASE.
   975 | D:1      | 975 ||| READING scroll labelled LOXEEB UTUPS.
   976 | D:1      | 976 ||| DRINKING 2 fuming blue potions.
   977 | D:1      | 977 ||| DROPPING scroll of poison.
  1296 | D:2      | Reached XP level 4. HP: 26/26 MP: 5/5
  1391 | D:2      | 1391 ||| FLEEEEING.
  1392 | D:2      | 1392 ||| FLEEEEING.
  1479 | D:2      | 1479 ||| UPGRADING to ring of protection from cold.
  1480 | D:2      | 1480 ||| READING scroll labelled NAEDDO XUKURGH.
  1481 | D:2      | 1481 ||| READING scroll labelled ALAONO WUUSUTH.
  1582 | D:2      | 1582 ||| READING scroll labelled FUCKUSKIAPT.
  1658 | D:3      | Reached skill level 4 in Ranged Weapons
  1714 | D:3      | Found a faded altar of an unknown god.
  1717 | D:3      | Found an iron altar of Okawaru.
  1820 | D:3      | Noticed Terence
  1829 | D:3      | HP: 6/26 [Terence/+1 flail of protection (9)]
  1829 | D:3      | Slain by Terence

Levels and vault maps discovered:
D:1:      dpeg_arrival_shrine, layout_basic, minmay_curled_crystal,
          amethyst_killhole
D:2:      layout_rooms, grunt_ministairs_9, chequers_serial_rivers_micro_c
D:3:      layout_rooms, general_overflow_altar,
          nicolae_overflow_ecumenical_swirl, nicolae_overflow_crystal_walls,
          uniq_terence

Skill      XL: |  1  2  3  4 |
---------------+-------------+-----
Ranged Weapons | 3 4 |  4.1
Fighting       | 2 |  2.0
Dodging        | |  1.5
Spellcasting   | |  1.0
Hexes          | |  2.6

Action                     |  1- 3 |  4- 6 || total
---------------------------+-------+-------++-------
   Fire: Sling             |   127 |    33 ||   160
    Use: Scroll            |     2 |     3 ||     5
         Potion            |     1 |       ||     1
 Armour: Robe              |    10 |       ||    10
         Leather armour    |    32 |     8 ||    40
  Dodge: Dodged            |    59 |    12 ||    71

Table legend:
 A = Non-vault XP
 B = Vault XP
 C = Vault XP percentage of total XP
 D = Non-vault monster count
 E = Vault monster count
 F = Vault count percentage of total count
                 A         B        C        D         E       F
            +---------+---------+-------+---------+---------+-------
      Total |      98 |       8 |   7.5 |      39 |       4 |   9.3
            +---------+---------+-------+---------+---------+-------
        D:1 |      37 |       0 |   0.0 |      21 |       0 |   0.0
        D:2 |      45 |       8 |  15.1 |      16 |       4 |  20.0
        D:3 |      16 |       0 |   0.0 |       2 |       0 |   0.0
            +---------+---------+-------+---------+---------+-------
